 Dungeon Crawl Stone Soup version 0.30-a0-389-g8d7d949f56 (webtiles) character file.

Game seed: 4136153978920089302

306 Drevant2 the Firebug (level 6, -7/32 HPs)
             Began as a Gargoyle Fire Elementalist on Dec 3, 2022.
             Killed by divine providence
             ... invoked by an orc priest
              (14 damage)
             ... on level 4 of the Dungeon.
             The game lasted 00:13:47 (3914 turns).

Drevant2 the Firebug (Gargoyle Fire Elementalist)   Turns: 3914, Time: 00:13:47

Health: -7/32      AC:  6    Str: 12    XL:     6   Next: 39%
Magic:  3/9        EV: 11    Int: 17    God:
Gold:   202        SH:  0    Dex: 10    Spells: 4/9 levels left

rFire   . . .      SeeInvis .    m - +1 whip (venom)
rCold   . . .      Faith    .    (no shield)
rNeg    + . .      Spirit   .    a - +0 robe
rPois   ∞          Reflect  .    (no helmet)
rElec   +          Harm     .    (no cloak)
rCorr   .          Rampage  .    (no gloves)
Will    .....                    (no boots)
Stlth   ++........               (no amulet)
HPRegen 0.25/turn                (no ring)
MPRegen 0.11/turn                (no ring)

@: no status effects
A: sickness immunity, AC +4, negative energy resistance 1, electricity
resistance, torment resistance 1, petrification resistance
a: no special abilities


You were on level 4 of the Dungeon.
You visited 1 branch of the dungeon, and saw 4 of its levels.

You collected 202 gold pieces.

Inventory:

Hand Weapons
 g - a +0 short sword
 m - a +1 whip of venom (weapon)
Armour
 a - a +0 robe (worn)
 e - an orb of mayhem
Scrolls
 b - a scroll of poison {unknown}
 c - a scroll of enchant weapon
 f - 3 scrolls of brand weapon
 h - a scroll of amnesia
Potions
 d - a potion of cancellation
 i - 2 potions of brilliance
 j - 2 potions of ambrosia {unknown}
 k - a potion of heal wounds {unknown}
 l - a potion of might


   Skills:
 - Level 1.5 Dodging
 - Level 2.1 Stealth
 - Level 2.0 Spellcasting
 + Level 4.9 Conjurations
 + Level 5.3 Fire Magic


You had 4 spell levels left.
You knew the following spells:

 Your Spells              Type           Power      Damage    Failure   Level
a - Foxfire               Conj/Fire      76%        2x1d7     2%          1
b - Flame Wave            Conj/Fire      19%        2d7       24%         4

Your spell library contained the following spells:

 Spells                   Type           Power      Damage    Failure   Level
 Scorch                   Fire           38%        2d6       3%          2
 Slow                     Hex            4%         N/A       19%         1
 Summon Small Mammal      Summ           4%         N/A       19%         1
 Inner Flame              Hex/Fire       10%        N/A       19%         3
 Kindle Blastsparks       Fire/Tloc/Air  14%        2d11      28%         3
 Call Canine Familiar     Summ           1%         N/A       50%         3
 Confusing Touch          Hex            1%         N/A       50%         3
 Summon Guardian Golem    Hex/Summ       1%         N/A       50%         3
 Vampiric Draining        Necr           1%         2d6       50%         3


Dungeon Overview and Level Annotations

Branches:
Dungeon (4/15)
 Temple: D:4-7

Altars:
Kikubaaqudgha
Uskayaw

Annotations:
D:4 Pikel


Innate Abilities, Weirdness & Mutations

You are immune to sickness and miasma.
Your stone body is resilient. (AC +4)
You are immune to poison.
You resist negative energy. (rN+)
You are resistant to electric shocks. (rElec)
You are resistant to unholy torment.
You are immune to petrification.


Message History

The orc priest is heavily wounded.
The orc priest hits you with a +0 hand axe.
* * * LOW HITPOINT WARNING * * *
Your magical contamination has completely faded away.
You hit the orc priest but do no damage.
The orc priest is poisoned.
The orc priest is heavily wounded.
The orc priest misses you.
Casting: Foxfire (safe; 2% risk of failure)
Confirm with . or Enter, or press ? or * to list all spells.
You conjure some foxfire!
The orc priest looks braver for a moment.
You closely miss the orc priest.
The orc priest is moderately wounded.
The foxfire hits the orc priest.
The orc priest is severely wounded.
The orc priest mumbles some strange prayers to Beogh against you.
Pain shoots through your body!
* * * LOW HITPOINT WARNING * * *
You feel better. The orc priest closely misses you.
Your foxfire dissipates!
You barely miss the orc priest.
The orc priest is severely wounded.
The orc priest closely misses you.
The orc priest hits you with a +0 hand axe.
* * * LOW HITPOINT WARNING * * *
Casting: Foxfire (safe; 2% risk of failure)
Confirm with . or Enter, or press ? or * to list all spells.
You conjure some foxfire!
The orc priest looks encouraged for a moment.
The foxfire hits the orc priest.
The orc priest is almost dead.
The foxfire hits the orc priest but does no damage.
The orc priest is almost dead.
Casting: Foxfire (safe; 2% risk of failure)
Confirm with . or Enter, or press ? or * to list all spells.
You conjure some foxfire!
The orc priest invokes the aid of Beogh against you.
Beogh smites you!
You die...

#### ...( .. ### . ###
####### # # # ..... .# #~
# #.#.###.### ###.## #
..#.####.#.#...... ......
# ..o...............
...... #
..#.####.#o#...... ......
# #.§@v...# # # ###v#####
# # ###.# # #...# #######
#.### ......# ##)######
.####.#######.......#####
.#....(..))....####.....#
...##.#######.#####....##


You could see an orc priest (poisoned, ally target).

Vanquished Creatures
  2 wights (D:3)
  An iguana (D:4)
  4 adders
  8 gnolls
  A worm (D:3)
  A dart slug (D:3)
  3 orcs (D:4)
  9 endoplasms
  3 giant cockroaches
  7 goblins
  6 hobgoblins
  3 jackals (D:2)
  A quokka (D:2)
  3 ball pythons
  3 bats
  8 frilled lizards
  3 kobolds
  A rat (D:2)
67 creatures vanquished.

Vanquished Creatures (others)
  A human (D:3)
  146 foxfires
147 creatures vanquished.

Grand Total: 214 creatures vanquished

Notes
Turn   | Place    | Note
-------+----------+-------------------------------------------
     0 | D:1      | Drevant2 the Gargoyle Fire Elementalist began the quest for
                  | the Orb.
     0 | D:1      | Reached XP level 1. HP: 10/10 MP: 3/3
   294 | D:1      | Reached XP level 2. HP: 15/15 MP: 0/5
   742 | D:1      | Reached XP level 3. HP: 10/19 MP: 1/6
  1373 | D:2      | Reached skill level 4 in Fire Magic
  1373 | D:2      | Reached XP level 4. HP: 2/24 MP: 0/7
  1492 | D:2      | Learned a level 4 spell: Flame Wave
  2077 | D:2      | Reached XP level 5. HP: 25/28 MP: 8/8
  2401 | D:3      | Reached skill level 5 in Fire Magic
  2713 | D:3      | Reached XP level 6. HP: 32/32 MP: 6/9
  3240 | D:3      | Found an ancient bone altar of Kikubaaqudgha.
  3241 | D:3      | Noticed a human
  3244 | D:3      | Killed a human
  3442 | D:4      | Noticed Pikel
  3555 | D:4      | Found a hide-covered altar of Uskayaw.
  3914 | D:4      | Killed from afar by an orc priest

Illustrated notes

Levels and vault maps discovered:
D:1:      mushboom_english_gardens, layout_basic, serial_aquarium,
          aquarium_bridge_square [aquarium_subvault_bridge,
          aquarium_subvault_wall, aquarium_subvault_window,
          aquarium_subvault_bridge], aquarium_bridge_island_small
          [aquarium_subvault_small_open, aquarium_subvault_bridge,
          aquarium_subvault_bridge, aquarium_subvault_wall,
          aquarium_subvault_window], aquarium_window_fake,
          aquarium_window_corner, aquarium_view_2d, aquarium_balcony_3a,
          aquarium_pool_2, nicolae_grassy_gnolls
D:2:      layout_basic, minmay_misc_feat_iff
D:3:      layout_basic, tgw_kikubaaqudgha
D:4:      layout_loops_cross, mainiacjoe_overflow_tiny_flanked,
          regret_index_temple_of_mockery, serial_rivers,
          chequers_serial_rivers_large_a, chequers_serial_rivers_micro_e,
          chequers_serial_rivers_marsh, chequers_serial_rivers_micro_c,
          uniq_pikel, uniq_menkaure, uniq_eustachio

Skill      XL: |  1  2  3  4  5 |
---------------+----------------+-----
Conjurations   | 2 3 4 |  4.9
Fire Magic     | 4 5 |  5.3
Dodging        | |  1.5
Stealth        | |  2.1
Spellcasting   | |  2.0

Action                   |  1- 3 |  4- 6 || total
-------------------------+-------+-------++-------
Melee: Unarmed           |    42 |       ||    42
       Short sword       |    38 |    38 ||    76
       Whip              |       |    52 ||    52
 Cast: Foxfire           |    49 |    64 ||   113
  Use: Potion            |     2 |     2 ||     4
       Scroll            |     4 |     4 ||     8
 Stab: Sleeping          |     1 |     2 ||     3
Armor: Robe              |    35 |    25 ||    60
Dodge: Dodged            |    65 |    65 ||   130

Table legend: (Time is in decaauts)
 A = Elapsed time spent in this place.
 B = Non-inter-level travel time spent in this place.
 C = Inter-level travel time spent in this place.
 D = Time resting spent in this place.
 E = Time spent auto-exploring this place.
 F = Levels seen in this place.
 G = Mean time per level.
                   A        B        C        D        E       F      G
               +--------+--------+--------+--------+--------+-----+--------+
         Total |   3921 |   2982 |    939 |    855 |   1074 |   4 |  980.2 |
       Dungeon |   3921 |   2982 |    939 |    855 |   1074 |   4 |  980.2 |
               +--------+--------+--------+--------+--------+-----+--------+

Top non-repeatable levels by time:
     D:3: 1215 daAuts
     D:2: 1190 daAuts
     D:1: 1140 daAuts
     D:4: 375 daAuts
